 Dungeon Crawl Stone Soup version 0.29-a0-555-g3b24f45cc1 (console) character file.

Game seed: 12100541739887325940

134 om the Slasher (level 5, -3/41 HPs)
             Began as a Djinni Cinder Acolyte on June 7, 2022.
             Was a High Priest of Ignis.
             Slain by a gnoll sergeant
             ... wielding a +0 spear
              (8 damage)
             ... on level 3 of the Dungeon.
             The game lasted 00:05:14 (3671 turns).

om the Slasher (Djinni Cinder Acolyte)              Turns: 3671, Time: 00:05:15

Health: -3/41      AC:  6    Str: 13    XL:     5   Next: 40%
Gold:   137        EV: 14    Int: 18    God:    Ignis [*****.] SH:  0 Dex:  8

rFire   + + +      SeeInvis .   a - -1 falchion (flame)
rCold   x . .      Faith    .   (no shield)
rNeg    . . .      Spirit   .   c - +1 ring mail {Will+}
rPois   ∞          Reflect  .   (no helmet)
rElec   .          Harm     .   (no cloak)
rCorr   .          Rampage  .   (no gloves)
Will    +....                   (boots unavailable)
Stlth   ..........              (no amulet)
HPRegen 0.13/turn               d - +4 ring of evasion
MPRegen 0.00/turn               (no ring)

@: flying
A: sickness immunity, fire resistance 2, cold vulnerability 1, float, innate
caster, HP casting, extra vitality 1
a: Renounce Religion, Fiery Armour, Foxfire Swarm, Rising Flame


You were on level 3 of the Dungeon.
You worshipped Ignis.
Ignis was extremely pleased with you.
You visited 1 branch of the dungeon, and saw 3 of its levels.

You collected 137 gold pieces.

Inventory:

Hand Weapons
 a - a -1 falchion of flaming (weapon)
 h - a +4 dagger of venom
Armour
 b - a +0 robe
 c - a +1 ring mail of willpower (worn)
Jewellery
 d - a +4 ring of evasion (left hand)
Potions
 f - 2 potions of curing {unknown}
 g - a potion of brilliance {unknown}
 i - a potion of flight {unknown}
 j - a potion of might {unknown}
 k - a potion of magic {unknown}
 m - 2 potions of ambrosia {unknown}


   Skills:
 + Level 3.6 Fighting
 * Level 3.8 Long Blades
 * Level 3.3 Spellcasting


You had 5 spell levels left.
You knew the following spells:

 Your Spells              Type           Power      Damage    Failure   Level
a - Scorch                Fire           30%        2d7       13%         2
b - Freeze                Ice            60%        1d8       9%          1
c - Passwall              Tmut/Erth      12%        N/A       13%         2
Your spell library was empty.

Dungeon Overview and Level Annotations

Branches:
Dungeon (3/15)

Altars:


Innate Abilities, Weirdness & Mutations

You are immune to sickness and miasma.
You are immune to poison.
Your flesh is very heat resistant. (rF++)
You are vulnerable to cold. (rC-)
You float through the air rather than walking.
You learn spells naturally, not from books.
Your magical power is your life essence.
You have superior vitality. (+4 MHP)


Message History

You fly downwards.
You hear the sound of rushing water.
There is an entrance to a sewer on this level.
Hurry and find it before the portal rusts away!
You hear the rapid rusting of a distant drain.
The gnoll sergeant hits you with a +0 spear.
The gnoll barely misses you.
There is a stone staircase leading up here.
The gnoll misses you.
The gnoll sergeant hits you but does no damage.
Flames lash the gnoll.
The gnoll is moderately wounded.
The gnoll's fire resistance burns away.
The gnoll sergeant hits you from afar with a +0 spear.
The gnoll closely misses you.
The gnoll hits you from afar with a +0 halberd!
The gnoll barely misses you.
Flames lash the gnoll sergeant but do no damage.
The gnoll sergeant hits you from afar with a +0 spear!
* * * LOW HITPOINT WARNING * * *
The gnoll closely misses you. The gnoll hits you with a +0 club.
* * * LOW HITPOINT WARNING * * *
You are too injured to fight recklessly!
Unknown command.
The gnoll is no longer more vulnerable to fire.
Casting: Scorch (safe; 13% risk of failure)
Confirm with . or Enter, or press ? or * to list all spells.
Okay, then.
Casting: Scorch (safe; 13% risk of failure)
Confirm with . or Enter, or press ? or * to list all spells.
Aiming: Passwall (safe; 13% risk of failure)
Press: ? - help, Dir - move target A rock wall.
* * * LOW HITPOINT WARNING * * *
The gnoll sergeant hits you from afar with a +0 spear.
* * * LOW HITPOINT WARNING * * *
The gnoll closely misses you.
You begin to meditate on the wall.
You continue meditating on the rock.
The gnoll hits you but does no damage.
The gnoll sergeant hits you from afar with a +0 spear!
You die...

#...#.#).....[..
##.##..###.###..
#####.##..###.# #
#.............####.... ..
#.###.##..##............#
#.# #.##..##.)####..##.#
#.###.#...##...........#
#.##..#.#.##..####.....#
#.##.##.#@##..# #.....
#.##.##...gg..####..#
#.##.##...g....<)..>#
#.##.##.###.....##.###.#
#......................#
####............#..#####
####.........#.##
######...##.# #.....#.#


You could see a gnoll sergeant and 2 gnolls.

Vanquished Creatures
  Robin (D:2)
  2 gnolls
  3 adders
  2 dart slugs (D:1)
  4 ball pythons
  3 endoplasms (D:1)
  7 giant cockroaches
  16 goblins
  7 hobgoblins
  2 jackals (D:1)
  A quokka (D:1)
  7 bats
  5 frilled lizards
  4 kobolds
  5 rats
69 creatures vanquished.

Vanquished Creatures (others)
  11 plants (D:2)
11 creatures vanquished.

Grand Total: 80 creatures vanquished

Notes
Turn   | Place    | Note
-------+----------+-------------------------------------------
     0 | D:1      | om the Djinni Cinder Acolyte began the quest for the Orb.
     0 | D:1      | Reached XP level 1. HP: 20/20 MP: 0/0
   343 | D:1      | Reached XP level 2. HP: 24/25 MP: 0/0
   550 | D:1      | Reached XP level 3. HP: 30/30 MP: 0/0
   550 | D:1      | Learned a level 1 spell: Freeze
  1339 | D:1      | Found a faded altar of an unknown god.
  1557 | D:2      | Reached XP level 4. HP: 28/35 MP: 0/0
  2498 | D:2      | Noticed Robin
  2604 | D:2      | Killed Robin
  2605 | D:2      | Reached XP level 5. HP: 20/40 MP: 0/0
  2605 | D:2      | Learned a level 2 spell: Passwall
  3671 | D:3      | Slain by a gnoll sergeant

Illustrated notes

Levels and vault maps discovered:
D:1:      onia_arrival_handbag, layout_loops_ring,
          ebering_ecumenical_altar_abandoned
D:2:      wad_woods_pond, layout_basic, st_stairs_11, uniq_robin
D:3:      layout_loops_ring, nicolae_uskayaw_dance_hall, portal_sewer_entry_a,
          dreamdust_wishing_well, minmay_checkerbox

Skill      XL: |  1  2  3  4 |
---------------+-------------+-----
Long Blades    | 3 |  3.8
Spellcasting   | 3 |  3.3
Fighting       | |  3.6

Action                   |  1- 3 |  4- 6 || total
-------------------------+-------+-------++-------
Melee: Falchion          |   123 |    27 ||   150
       Punch             |     1 |     1 ||     2
 Cast: Scorch            |    16 |    49 ||    65
       Passwall          |       |     1 ||     1
  Use: Scroll            |       |     2 ||     2
Armor: Ring mail         |    63 |    13 ||    76
       Robe              |     1 |       ||     1
Dodge: Dodged            |   118 |    33 ||   151

Table legend: (Time is in decaauts)
 A = Elapsed time spent in this place.
 B = Non-inter-level travel time spent in this place.
 C = Inter-level travel time spent in this place.
 D = Time resting spent in this place.
 E = Time spent auto-exploring this place.
 F = Levels seen in this place.
 G = Mean time per level.
                   A        B        C        D        E       F      G
               +--------+--------+--------+--------+--------+-----+--------+
         Total |   3696 |   3539 |    157 |   1543 |   1458 |   3 | 1232.0 |
       Dungeon |   3696 |   3539 |    157 |   1543 |   1458 |   3 | 1232.0 |
               +--------+--------+--------+--------+--------+-----+--------+

Top non-repeatable levels by time:
     D:1: 2001 daAuts
     D:2: 1564 daAuts
     D:3: 130 daAuts
